 Dungeon Crawl Stone Soup version 0.30.1-4-g462c640d31 (webtiles) character file.

Game seed: 2229352095825645454

73 HagarQim the Conjurer (level 4, -7/27 HPs)
             Began as an Octopode Conjurer on Sept 12, 2023.
             Killed from afar by an orc wizard (9 damage)
             ... with a puff of flame
             ... on level 3 of the Dungeon.
             The game lasted 00:07:46 (2105 turns).

HagarQim the Conjurer (Octopode Conjurer)           Turns: 2105, Time: 00:07:47

Health: -7/27      AC:  1    Str:  6    XL:     4   Next: 27%
Magic:  0/7        EV: 13    Int: 22    God:
Gold:   107        SH:  0    Dex: 10    Spells: 4/7 levels left

rFire   . . .        d - +0 dagger
rCold   . . .        (no shield)
rNeg    . . .        (helmet restricted)
rPois   +            (no amulet)
rElec   .            g - ring of poison resistance
rCorr   .            (no ring)
SInv    .            (no ring)
Will    .....        (no ring)
Stlth   +++          (no ring)
HPRegen 0.24/turn    (no ring)
MPRegen 0.10/turn    (no ring)
                     (no ring)

%: no passive effects
@: no status effects
A: almost no armour, amphibious, 8 rings, camouflage 1, gelatinous body 1,
(nimble swimmer 1), tentacles
a: no special abilities


You were on level 3 of the Dungeon.
You visited 1 branch of the dungeon, and saw 3 of its levels.

You collected 107 gold pieces.

Inventory:

Hand Weapons
 d - a +0 dagger (weapon)
Missiles
 h - 6 poisoned darts
Jewellery
 g - a ring of poison resistance (left tentacle)
Scrolls
 b - 3 scrolls of identify {unknown}
 c - 3 scrolls of amnesia {unknown}
 e - 2 scrolls of magic mapping {unknown}
 j - 3 scrolls of noise {unknown}
 k - a scroll of acquirement {unknown}
 l - a scroll of brand weapon {unknown}
Potions
 a - a potion of magic
 f - a potion of lignification {unknown}
 i - 3 potions of brilliance {unknown}


   Skills:
 + Level 0.4 Fighting
 + Level 1.1 Short Blades
 + Level 2.4 Dodging
 + Level 2.8 Stealth
 + Level 2.3 Spellcasting
 + Level 4.9 Conjurations


You had 4 spell levels left.
You knew the following spells:

 Your Spells              Type           Power      Damage    Failure   Level
a - Magic Dart            Conj           96%        1d7       1%          1
b - Searing Ray           Conj           48%        2d6       2%          2

Your spell library contained the following spells:

 Spells                   Type           Power      Damage    Failure   Level
 Dazzling Flash           Conj/Hex       26%        N/A       14%         3
 Fulminant Prism          Conj/Hex       6%         3d7       43%         4
 Iskenderun's Mystic Bla  Conj/Tloc      13%        2d5       43%         4


Dungeon Overview and Level Annotations

Branches:
Dungeon (3/15)

Altars:
Dithmenos

Shops:
D:1 (

Annotations:
D:2 Natasha


Innate Abilities, Weirdness & Mutations

You cannot wear most types of armour.
You are amphibious.
You can wear up to eight rings at the same time.
Your skin changes colour to match your surroundings (Stealth+).
Your rubbery body absorbs attacks. (AC +1, EV +1)
((You are camouflaged when in or above water. (Stealth+)))
You have tentacles for arms and can constrict up to eight enemies at once.


Message History

The orc wizard flickers and vanishes!
Deactivating autopickup; reactivate with Ctrl-A.
The orc wizard gestures at you while chanting.
You are confused.
An orc comes into view. It is wielding a +0 vampiric whip.
The orc shouts!
You bump into the rock wall.
The orc wizard hits you with a +0 dagger.
You bump into the rock wall.
The orc wizard misses you.
You bump into the rock wall.
The orc wizard hits you with a +0 dagger.
You're too confused to move!
The orc wizard hits you with a +0 dagger.
You bump into the rock wall.
The orc wizard completely misses you.
You bump into the rock wall.
The orc wizard casts a spell at you. The magic dart hits you!
You closely miss the orc wizard.
The orc wizard is heavily wounded.
You feel less confused. The orc wizard closely misses you.
Casting: Searing Ray (safe; 2% risk of failure)
Confirm with . or Enter, or press ? or * to list all spells.
Aiming: Searing Ray (safe; 2% risk of failure)
Press: ? - help, Shift-Dir - straight line, f - orc
Aim: an orc, wielding a +0 club and wearing a +0 ring mail (82% to hit)
The searing ray hits the orc wizard.
The orc wizard is almost dead.
The searing ray hits the orc but does no damage. (Press . to maintain the ray.)
The orc wizard hits you with a +0 dagger.
* * * LOW HITPOINT WARNING * * *
The orc wizard attacks as you move away!
The orc wizard closely misses you.
The orc wizard gestures at you while chanting.
The magic dart hits you.
* * * LOW HITPOINT WARNING * * *
The orc wizard points at you and mumbles some strange words.
The puff of flame hits you!
You die...

######## #.o..oo#
#.####..... #.#
... #@# . #)#
####'### ...
#......##### ...
#.)........+....
#.........##....
#..............
#..........######
#...............#


You could see an orc wizard.

Vanquished Creatures
  2 adders (D:2)
  A dart slug (D:2)
  An orc (D:3)
  4 endoplasms (D:1)
  A giant cockroach (D:1)
  6 goblins
  3 hobgoblins (D:1)
  9 jackals
  9 kobolds
  2 quokkas
  2 ball pythons
  A bat (D:1)
  A frilled lizard (D:1)
  7 rats
49 creatures vanquished.

Notes
Turn   | Place    | Note
-------+----------+-------------------------------------------
     0 | D:1      | HagarQim the Octopode Conjurer began the quest for the Orb.
     0 | D:1      | Reached XP level 1. HP: 11/11 MP: 3/3
   153 | D:1      | Reached XP level 2. HP: 17/17 MP: 3/5
   177 | D:1      | Learned a level 2 spell: Searing Ray
   684 | D:1      | Reached XP level 3. HP: 21/21 MP: 6/6
  1177 | D:1      | Found Cuefafac's Antique Weapon Boutique.
  1599 | D:2      | Reached skill level 1 in Short Blades
  1600 | D:2      | Reached XP level 4. HP: 4/27 MP: 1/7
  1836 | D:2      | Found a shadowy altar of Dithmenos.
  1879 | D:2      | Noticed Natasha
  2105 | D:3      | Killed from afar by an orc wizard

Illustrated notes

Levels and vault maps discovered:
D:1:      saegor_arrival_miasma, layout_basic, serial_shops, shop,
          serial_forest, infiniplex_forest_clump_C,
          infiniplex_forest_clump_curved, infiniplex_forest_clump_double,
          infiniplex_forest_clump_double, infiniplex_forest_clump_medium,
          hangedman_decor_growths, hangedman_decor_slide_cut
D:2:      layout_basic, basic_altar, uniq_natasha
D:3:      layout_basic, jmf_multi_god_temple2, kennysheep_potato

Skill      XL: |  1  2  3 |
---------------+----------+-----
Short Blades   | 1 |  1.1
Fighting       | |  0.4
Dodging        | |  2.4
Stealth        | |  2.8
Spellcasting   | |  2.3
Conjurations   | |  4.9

Action                     |  1- 3 |  4- 6 || total
---------------------------+-------+-------++-------
  Melee: Unarmed           |    13 |       ||    13
         Tentacles         |    10 |     1 ||    11
         Constrict         |    11 |       ||    11
         Dagger            |    31 |     5 ||    36
   Cast: Magic Dart        |    30 |     6 ||    36
         Searing Ray       |     4 |     2 ||     6
   Stab: Sleeping          |     6 |     2 ||     8
 Armour: Skin              |     3 |       ||     3
  Dodge: Dodged            |    23 |     5 ||    28
